 Dungeon Crawl Stone Soup version 0.22-a0-469-gf26638a (webtiles) character file.

151 emperorscorpion the Charmwright (level 5, 0/27 HPs)
             Began as a Vine Stalker Skald on June 13, 2018.
             Was an Initiate of Wu Jian.
             Slain by a centaur (2 damage)
             ... on level 7 of the Dungeon.
             The game lasted 00:05:58 (1168 turns).

emperorscorpion the Charmwright (VSSk)              Turns: 1168, Time: 00:05:59

Health: 0/27       AC:  3    Str: 13    XL:     5   Next: 33%
Magic:  0/18       EV: 12    Int: 13    God:    Wu Jian [......]
Gold:   6          SH:  0    Dex: 15    Spells: 2/8 levels left

rFire    . . .     SeeInvis .   a - +0 short sword
rCold    . . .     Gourm    .   (no shield)
rNeg     . . .     Faith    .   b - +0 leather armour
rPois    .         Spirit   +   (no helmet)
rElec    .         Reflect  .   (no cloak)
rCorr    .         Harm     .   (no gloves)
MR       .....                  (no boots)
Stlth    ++........             (no amulet)
HPRegen  0.49/turn              e - ring of magical power
MPRegen  0.16/turn              (no ring)

@: very slightly contaminated
A: fangs 2, regeneration 1, magic shield, antimagic bite, no potion heal 3, rot
immunity
a: Renounce Religion


You were on level 7 of the Dungeon.
You worshipped Wu Jian.
Wu Jian was noncommittal.
You were not hungry.

You visited 1 branch of the dungeon, and saw 5 of its levels.

You collected 108 gold pieces.
You spent 102 gold pieces at shops.

Inventory:

Hand Weapons
 a - a +0 short sword (weapon)
Missiles
 c - 2 javelins (quivered)
 g - 39 sling bullets
 h - 51 stones
 o - 22 arrows
Armour
 b - a +0 leather armour (worn)
 l - a cursed +0 large shield
 m - a +0 ring mail
Jewellery
 e - a ring of magical power (left hand)
Scrolls
 j - 3 scrolls of remove curse
 k - 2 scrolls of immolation
 n - a scroll of identify
 p - a scroll of magic mapping
 q - a scroll of teleportation
Potions
 i - a potion of lignification
Comestibles
 d - 2 rations
 f - 3 chunks of flesh


   Skills:
 + Level 2.5 Fighting
 + Level 2.8 Short Blades
 + Level 1.4 Armour
 + Level 2.1 Dodging
 + Level 2.0 Stealth
 + Level 2.4 Spellcasting
 + Level 3.4 Charms
 + Level 0.1 Necromancy


You had 2 spell levels left.
You knew the following spells:

 Your Spells              Type           Power        Failure   Level  Hunger
r - Regeneration          Chrm/Necr      #.........   41%         3    ###....
w - Spectral Weapon       Hex/Chrm       #.......     41%         3    ###....

Your spell library contained the following spells:

 Spells                   Type           Power        Failure   Level  Hunger
 Shroud of Golubria       Chrm/Tloc      #.........   24%         2    ###....
 Infusion                 Chrm           ##..         8%          1    #......
 Song of Slaying          Chrm           ##......     12%         2    ###....


Dungeon Overview and Level Annotations

Branches:
Dungeon (4/15)
 Temple: D:4-7

Altars:
Kikubaaqudgha
Wu Jian
Yredelemnul

Shops:
D:4 [(?*


Innate Abilities, Weirdness & Mutations

You have extremely sharp teeth.
Your natural rate of healing is unusually fast.
When hurt, damage is shared between your health and your magic reserves.
Your bite disrupts and absorbs the magic of your enemies.
Potions cannot restore your health.
You are immune to rotting.


Message History

* * * LOW HITPOINT WARNING * * *
The centaur barely misses you.
You hit the centaur but do no damage.
The centaur is severely wounded.
The centaur hits you.
* * * LOW HITPOINT WARNING * * *
You hit the centaur but do no damage. You bite the centaur, but do no damage.
The centaur is severely wounded.
The centaur hits you.
* * * LOW HITPOINT WARNING * * *
You hit the centaur but do no damage. Your bite misses the centaur.
The centaur is severely wounded.
The centaur barely misses you. The centaur closely misses you.
You hit the centaur but do no damage. Your bite misses the centaur.
The centaur is severely wounded.
The centaur hits you but does no damage.
You hit the centaur but do no damage. Your bite misses the centaur.
The centaur is severely wounded.
The centaur closely misses you. The centaur hits you.
You die...

#...# .... ...# # #..#
#. #..# .##..#..#
........# #+#######
#.########.#......
#........@.......#
........#######c#.###.
###.###.# #....# # #.#
#.....# ..# ##......
### ##.##### #.# #.#
#.#


You could see a centaur.

Vanquished Creatures
  A centaur zombie (D:4)
  An orc priest (D:3)
  An orc wizard (D:3)
  2 adders
  2 worms (D:3)
  A leopard gecko (D:2)
  4 orcs
  A ball python (D:2)
  4 giant cockroaches
  4 hobgoblins
  2 jackals (D:4)
  A kobold (D:2)
  A frilled lizard (D:4)
  3 goblins
  5 rats
33 creatures vanquished.

Notes
Turn   | Place    | Note
-------+----------+-------------------------------------------
     0 | D:1      | emperorscorpion the Vine Stalker Skald began the quest for the Orb.
     0 | D:1      | Reached XP level 1. HP: 11/11 MP: 4/4
   316 | D:1      | Reached XP level 2. HP: 15/15 MP: 6/6
   533 | D:2      | Reached XP level 3. HP: 11/18 MP: 7/7
   539 | D:2      | Reached skill level 1 in Stealth
   549 | D:2      | Learned a level 3 spell: Regeneration
   607 | D:2      | Found an ancient bone altar of Kikubaaqudgha.
   873 | D:3      | Reached skill level 1 in Armour
   873 | D:3      | Gained mutation: Your natural rate of healing is unusually fast. [Vine Stalker growth]
   873 | D:3      | Reached XP level 4. HP: 12/23 MP: 8/8
   908 | D:3      | Learned a level 3 spell: Spectral Weapon
   927 | D:3      | Found a basalt altar of Yredelemnul.
   945 | D:3      | Found an ornate altar of the Wu Jian Council.
   953 | D:3      | Became a worshipper of the Wu Jian Council
  1016 | D:3      | Reached XP level 5. HP: 22/26 MP: 9/9
  1089 | D:4      | Found Qiysyu's Magic Scroll Shop.
  1091 | D:4      | Found Finis's General Store.
  1092 | D:4      | Found Zumeyj's Weapon Shop.
  1097 | D:4      | Found Daijit's Antique Armour Shop.
  1133 | D:4      | Bought a scroll of magic mapping for 42 gold pieces
  1133 | D:4      | Bought a scroll of teleportation for 36 gold pieces
  1133 | D:4      | Bought a scroll of identify for 24 gold pieces
  1137 | D:4      | You fall through a shaft for 3 floors!
  1145 | D:7      | Noticed a centaur
  1164 | D:7      | HP: 1/27 [centaur (1)]
  1168 | D:7      | Slain by a centaur

Vault maps used:
D:1:      minmay_arrival_stone_box, minmay_misc_feat_ornament
D:2:      kiku_gazebo_pond_becter
D:3:      gammafunk_temple_overflow_pools,
          chequers_temple_overflow_statue_of_worship,
          minmay_misc_feat_more_columns, nrook_mini_backslash,
          kennysheep_generic_room_16
D:4:      temple_hall, serial_shops, nicolae_shop_trees, fountainhead,
          minmay_shop_grid_forest
D:7:      grunt_temple_overflow_diamond, the_bakery, corexii_corridor_pit,
          corexii_leaking_fountain

Skill      XL: |  1  2  3  4  5 |
---------------+----------------+-----
Short Blades   | 2 |  2.8
Stealth        | 1 2 |  2.0
Fighting       | 2 |  2.5
Armour         | 1 |  1.4
Dodging        | 2 |  2.1
Spellcasting   | |  2.4
Charms         | |  3.4
Necromancy     | |  0.1

Action                   |  1- 3 |  4- 6 || total
-------------------------+-------+-------++-------
Melee: Short sword       |    97 |    87 ||   184
       Bite              |    23 |    34 ||    57
 Cast: Regeneration      |     1 |     1 ||     2
       Spectral Weapon   |       |     2 ||     2
  Use: Scroll            |     4 |     3 ||     7
 Stab: Sleeping          |     1 |       ||     1
  Eat: Chunk             |       |     2 ||     2
Armor: Leather armour    |    23 |    18 ||    41
Dodge: Dodged            |    47 |    50 ||    97

Table legend:
 A = Spawn XP
 B = Non-spawn XP
 C = Spawn XP percentage of total XP
 D = Spawn monster count
 E = Non-spawn monster count
 F = Spawn count percentage of total count
 G = Total turns spent on level
                    A         B        C        D         E        F      G
               +---------+---------+-------+---------+---------+-------+---------
         Total |       0 |     216 |   0.0 |       0 |      33 |   0.0 |  1168
               +---------+---------+-------+---------+---------+-------+---------
           D:1 |       0 |      13 |   0.0 |       0 |       8 |   0.0 |   423
           D:2 |       0 |      33 |   0.0 |       0 |      11 |   0.0 |   422
           D:3 |       0 |     105 |   0.0 |       0 |       9 |   0.0 |   154
           D:4 |       0 |      65 |   0.0 |       0 |       5 |   0.0 |   138
               +---------+---------+-------+---------+---------+-------+---------
